 Dungeon Crawl Stone Soup version 0.31-a0-174-g85c54bcb58 (webtiles) character file.

Game seed: 17199192121906874625

154167 qw the Marksnaga (level 17, -31/170 HPs)
             Began as a Naga Hunter on June 15, 2023.
             Was a High Priest of Okawaru.
             Annihilated by a kraken (32 damage)
             ... on level 3 of the Shoals.
             The game lasted 00:12:58 (25289 turns).

qw the Marksnaga (Naga Hunter)                     Turns: 25289, Time: 00:12:59

Health: -31/170    AC: 22    Str: 16    XL:     17   Next: 62%
Magic:  24/24      EV: 34    Int:  9    God:    Okawaru [*****.]
Gold:   1535       SH:  0    Dex: 34    Spells: 16/16 levels left

rFire   . . .        b - +12 orcbow of Sotyxamy {freeze, rC+ Str+2 Dex+3}
rCold   + + .        (shield currently unavailable)
rNeg    . . .        k - +2 robe "Uppicsun" {Rampage rPois rF- Slay+6}
rPois   +            e - +2 helmet
rElec   .            s - scarf {rC+ rF+}
rCorr   .            q - +1 pair of gloves of Kuxzikeq {Dex+2}
SInv    +            r - +1 barding {Fly}
Will    ++...        h - amulet of faith
Stlth   ++++         c - +6 ring of dexterity
HPRegen 0.48/turn    t - +5 ring of evasion
MPRegen 0.19/turn

%: rampage, faith
@: about to teleport, heroic, engulfed (cannot breathe), flying, very slow
A: AC +5, large, see invisible, deformed body, poison resistance, slowness 2,
spit poison 1, naga tail 2
a: Spit Poison, Renounce Religion, Heroism, Finesse, Duel


You were on level 3 of the Shoals.
You worshipped Okawaru.
Okawaru was extremely pleased with you.
You visited 5 branches of the dungeon, and saw 26 of its levels.

You collected 2857 gold pieces.
You spent 1322 gold pieces at shops.


Innate Abilities, Weirdness & Mutations

Your serpentine skin is tough. (AC +5)
You have supernaturally acute eyesight. (SInv)
Armour fits poorly on your strangely shaped body.
Your system is resistant to poisons. (rPois)
You cover ground very slowly.
You can spit poison.
You can use your snake-like lower body to constrict enemies.


   Skills:
 + Level 15.2(20.2) Fighting
 - Level 19.0(24.0) Ranged Weapons
 - Level 6.0(11.0) Armour
 - Level 13.0(18.0) Dodging
 - Level 1.5(6.5) Stealth
 - Level 10.0 Invocations


You had 16 spell levels left.
You didn't know any spells.
Your spell library was empty.

Inventory:

Hand Weapons
 b - the +12 orcbow of Sotyxamy (weapon) {freeze, rC+ Str+2 Dex+3}
   (You found it on level 14 of the Dungeon)

   Str:       It affects your strength (+2).
   Dex:       It affects your dexterity (+3).
   rC:        It protects you from cold.
Armour
 d - a +0 cloak
 e - a +2 helmet (worn)
 k - the +2 robe "Uppicsun" (worn) {Rampage rPois rF- Slay+6}
   (You found it on level 2 of the Dungeon)

   Slay:      It affects your accuracy & damage with ranged weapons and melee
   (+6).
   rF:        It makes you vulnerable to fire.
   rPois:     It protects you from poison.
   Rampage:   It bestows one free step when moving towards enemies.
 q - the +1 pair of gloves of Kuxzikeq (worn) {Dex+2}
   (Okawaru gifted it to you on level 13 of the Dungeon)

   Dex:       It affects your dexterity (+2).
 r - a +1 barding of flying (worn)
 s - a scarf of resistance (worn)
 w - a +3 leather armour of fire resistance
 x - a +0 troll leather armour
 z - the +3 hat of Pondering {ponderous, Will+ MP+10 Int+5}
   (You bought it in a shop on level 2 of the Orcish Mines)

   Int:       It affects your intelligence (+5).
   MP:        It affects your magic capacity (+10).
   Will:      It increases your willpower.
Jewellery
 c - a +6 ring of dexterity (left hand)
 g - a ring of protection from fire
 h - an amulet of faith (around neck)
 t - a +5 ring of evasion (right hand)
Wands
 v - a wand of digging (8)
Scrolls
 a - 4 scrolls of teleportation
 l - 19 scrolls of identify
Potions
 f - a potion of haste
 i - 5 potions of mutation
 j - 6 potions of curing
 o - 4 potions of might
 p - a potion of cancellation
 u - a potion of magic

Dungeon Overview and Level Annotations

Branches:
Dungeon (15/15)            Temple (1/1) D:4            Lair (5/5) D:11
 Shoals (3/4) Lair:2       Spider (0/4) Lair:3        Slime (0/5) Lair:4
    Orc (2/2) D:9             Elf (0/3) Orc:2        Vaults (0/5) D:13
 Depths (0/4) D:15

Altars:
Ashenzari
Cheibriados
Dithmenos
Elyvilon
Fedhas
Gozag
Hepliaklqana
Kikubaaqudgha
Makhleb
Nemelex Xobeh
Okawaru
Qazlal
Ru
Sif Muna
Trog
Uskayaw
Vehumet
Wu Jian
Xom
Yredelemnul
Zin
The Shining One
Jiyva

Shops:
D:1 (   Orc:1 *   Orc:2 [:[[

Portals:
Trove: D:12 (give 2 scrolls of acquirement)

Annotations:
D:4 3 runed translucent doors, qw's ghost, amateur NaHu
D:6 1 runed translucent door, qw's ghost, amateur MiHu
D:7 1 runed translucent door, Crazy Yiuf
Lair:2 3 runed translucent doors, qw's ghost, journeyman GrHu
Lair:3 1 runed translucent door


Message History

The arrow freezes the tentacle.
You kill the tentacle!
The tentacle completely misses you. The tentacle misses you.
The snapping turtle misses you.
The snapping turtle bites you from afar!
25286 ||| READING 5 scrolls of teleportation.
As you read the scroll of teleportation, it crumbles to dust.
You feel strangely unstable. The kraken bites you!! The tentacle slaps you.
The tentacle completely misses you. The tentacle misses you.
The snapping turtle bites you from afar.
The kraken misses you. The snapping turtle barely misses you.
The tentacle closely misses you. The tentacle completely misses you.
25287 ||| DRINKING 2 potions of heal wounds.
You feel much better. The tentacle completely misses you.
The tentacle closely misses you. The tentacle completely misses you.
The water elemental hits you.
The water elemental engulfs you in water!
The kraken misses you. The tentacle completely misses you.
The snapping turtle completely misses you. x2
25288 ||| DRINKING potion of heal wounds.
You feel much better.
Your lungs strain for air!
The tentacle slaps you but does no damage.
The tentacle misses you. The tentacle completely misses you.
The kraken completely misses you.
The water elemental completely misses you.
The tentacle slaps you. The tentacle closely misses you.
The snapping turtle completely misses you.
The tentacle misses you. The snapping turtle misses you. The kraken bites you!!
You shoot an arrow.
The alligator snapping turtle hisses angrily.
The arrow hits the kraken!!
The arrow freezes the kraken!
The kraken is moderately wounded.
Your lungs strain for air!
The tentacle slaps you! The tentacle completely misses you. x2
The water elemental misses you. The snapping turtle misses you.
The snapping turtle bites you but does no damage.
The kraken bites you!!
You die...

#~~~~~~~~~~~~..
#~~~~~~~~t~~~..
#~~~~~~~~~~~...
#~~~~~~~~~~^...
#~~~~~~~~~.....
#~~~~~~~~~......
#~~~~~wXEt~.....
#~~~~~~@wt~~.... ###
#~~~~~w~~~~~~... ....
#~~~~~~~~~~P~P....PPP...
#~~~~~~~~~~~~~~..P~P~~~.
#~~~~~~~~~~~P~~~~PP~~...
#~~~~~~~~~~~~~~~~~~.....
#~~~~~~~~~~~~~~~~~~~....
#~~~~~~~~~~~~~~~~~~..~..
#~~~~~~~~~~~~~~~~~~~..##


You could see a kraken, an alligator snapping turtle, 2 snapping turtles, 3
tentacles and a water elemental.

Vanquished Creatures
  Rupert (Lair:3)
  Polyphemus (Shoals:2)
  2 krakens
  Kirke (Lair:5)
  A frost giant (Orc:1)
  An ettin (Orc:1)
  A merfolk javelineer (Shoals:2)
  Josephine (Shoals:1)
  A merfolk impaler (Shoals:2)
  8 hydras
  3 catoblepae
  3 ogre magi
  4 centaur warriors
  2 boulder beetles
  3 merfolk aquamancers
  A merfolk avatar (Shoals:1)
  9 two-headed ogres
  15 death yaks
  A deep troll shaman (Lair:5)
  4 tengu warriors
  9 orc high priests (Orc:2)
  7 skysharks
  6 skeletal warriors
  5 sea snakes
  A deep elf archer (D:13)
  A necromancer (D:15)
  A lindwurm (Lair:5)
  A wizard (D:15)
  An orc knight (Orc:1)
  2 deep elf zephyrmancers (D:13)
  9 harpies
  A wolf spider (D:15)
  4 orc sorcerers
  20 cyclopes
  4 deep elf pyromancers
  3 oklob plants
  A faun (shapeshifter) (D:15)
  A cyclops (shapeshifter) (D:14)
  6 fauns
  10 manticores
  14 ugly things
  8 merfolk sirens
  8 slime creatures
  16 elephants
  4 black mambas
  2 ice statues (Shoals:1)
  Maurice (D:8)
  6 water nymphs
  A centaur zombie (D:15)
  A guardian serpent (shapeshifter) (D:15)
  7 centaur skeletons
  2 gargoyles (D:11)
  15 cane toads
  6 komodo dragons
  A torpor snail (Lair:1)
  4 rime drakes
  6 yaktaurs
  2 kobold demonologists (D:9)
  2 freezing wraiths (D:14)
  6 tengu conjurers
  7 trolls
  7 merfolk
  3 meliai
  3 polar bears
  3 wind drakes
  5 dream sheep
  21 blink frogs
  10 snapping turtles
  2 shadows (D:11)
  A centaur simulacrum (D:14)
  8 water elementals
  2 vampires
  4 hogs (Lair:5)
  3 wyverns
  68 yaks
  8 wraiths
  3 basilisks
  A redback (Lair:3)
  2 vampire mosquitoes (D:12)
  Edmund (D:6)
  10 wargs
  An acid dragon (D:9)
  16 water moccasins
  14 orc warriors
  A sky beast (D:7)
  4 black bears
  An ice beast (D:8)
  18 ogres
  22 wolves
  A centaur (D:9)
  21 kobold brigands
  2 phantoms
  9 bullfrogs
  4 gnoll sergeants
  6 scorpions
  4 wights (D:7)
  3 killer bees (D:10)
  3 electric eels
  7 howler monkeys
  5 jellies
  30 orc priests
  3 hounds
  A sleepcap (D:5)
  Ijyb (D:4)
  5 iguanas
  A boggart zombie (D:15)
  18 orc wizards
  A hell rat (Lair:4)
  19 gnolls
  4 adders
  2 worms
  2 dart slugs
  76 orcs
  4 bats
  6 endoplasms
  5 giant cockroaches
  5 goblins
  4 hobgoblins
  9 jackals (D:1)
  3 quokkas
  4 ball pythons
  4 frilled lizards
  14 kobolds
  7 rats
  6 tentacles
816 creatures vanquished.

Vanquished Creatures (others)
  A merfolk siren (Shoals:2)
  2 orc wizards (D:6)
  8 tentacles
11 creatures vanquished.

Grand Total: 827 creatures vanquished

Notes
Turn   | Place    | Note
-------+----------+-------------------------------------------
     0 | D:1      | qw the Naga Hunter began the quest for the Orb.
     0 | D:1      | Reached XP level 1. HP: 19/19 MP: 1/1
     0 | D:1      | 0 ||| qw: Version: 0.2-a-29-g511e9b1
     0 | D:1      | 0 ||| qw: Game counter: 5309
     0 | D:1      | 0 ||| qw: Always use a shield: true
     0 | D:1      | 0 ||| qw: God list: Okawaru
     0 | D:1      | 0 ||| qw: Allow faded altars: false
     0 | D:1      | 0 ||| qw: Do Orc after D:15 true
     0 | D:1      | 0 ||| qw: Do second Lair branch before Depths: true
     0 | D:1      | 0 ||| qw: Lair rune preference: random
     0 | D:1      | 0 ||| qw: Plans: Normal
     0 | D:1      | 0 ||| PLANNING D:1-11
    45 | D:1      | 45 ||| INVOKING Spit Poison.
    72 | D:1      | 72 ||| INVOKING Spit Poison.
    76 | D:1      | 76 ||| INVOKING Spit Poison.
   133 | D:1      | 133 ||| INVOKING Spit Poison.
   138 | D:1      | Reached skill level 4 in Ranged Weapons
   138 | D:1      | Reached XP level 2. HP: 22/26 MP: 2/2
   138 | D:1      | 138 ||| INVOKING Spit Poison.
   158 | D:1      | Found Nokliw's Weapon Boutique.
   196 | D:1      | 196 ||| INVOKING Spit Poison.
   209 | D:1      | 209 ||| INVOKING Spit Poison.
   222 | D:1      | 222 ||| INVOKING Spit Poison.
   225 | D:1      | 225 ||| INVOKING Spit Poison.
   244 | D:1      | 244 ||| INVOKING Spit Poison.
   282 | D:1      | 282 ||| INVOKING Spit Poison.
   302 | D:1      | 302 ||| INVOKING Spit Poison.
   322 | D:1      | 322 ||| INVOKING Spit Poison.
   336 | D:1      | 336 ||| INVOKING Spit Poison.
   338 | D:1      | Reached XP level 3. HP: 32/32 MP: 3/3
   340 | D:1      | 340 ||| INVOKING Spit Poison.
   437 | D:1      | 437 ||| INVOKING Spit Poison.
   468 | D:1      | 468 ||| INVOKING Spit Poison.
   667 | D:1      | 667 ||| READING scroll labelled CECVAECUCO.
   672 | D:1      | 672 ||| DROPPING scroll of butterflies.
   723 | D:2      | 723 ||| INVOKING Spit Poison.
   736 | D:2      | 736 ||| INVOKING Spit Poison.
   754 | D:2      | 754 ||| INVOKING Spit Poison.
   793 | D:2      | Identified the +2 robe "Uppicsun" {Rampage rPois rF-
                  | Slay+6}
   903 | D:2      | 903 ||| UPGRADING to +2 robe "Uppicsun" {Rampage rPois rF-
                  | Slay+6}.
   913 | D:2      | 913 ||| READING scroll labelled BOLAQI OQUTYO.
  1075 | D:2      | 1075 ||| INVOKING Spit Poison.
  1080 | D:2      | 1080 ||| INVOKING Spit Poison.
  1245 | D:2      | 1245 ||| INVOKING Spit Poison.
  1251 | D:2      | 1251 ||| INVOKING Spit Poison.
  1283 | D:2      | 1283 ||| INVOKING Spit Poison.
  1301 | D:2      | 1301 ||| INVOKING Spit Poison.
  1318 | D:2      | 1318 ||| INVOKING Spit Poison.
  1468 | D:2      | 1468 ||| READING scroll labelled KOYZUD WAETEIT.
  1469 | D:2      | 1469 ||| READING scroll labelled RACSAA UTUNGIO.
  1470 | D:2      | 1470 ||| READING 2 scrolls labelled KIVIGOOCECK.
  1471 | D:2      | 1471 ||| DRINKING 2 green potions.
  1472 | D:2      | 1472 ||| DRINKING 2 fizzy pink potions.
  1576 | D:2      | 1576 ||| DRINKING 2 fuming grey potions.
  1577 | D:2      | 1577 ||| DROPPING potion of degeneration.
  1578 | D:2      | 1578 ||| DROPPING potion of berserk rage.
  1624 | D:3      | Found a shadowy altar of Dithmenos.
  1679 | D:3      | 1679 ||| INVOKING Spit Poison.
  1684 | D:3      | 1684 ||| INVOKING Spit Poison.
  1688 | D:3      | Reached skill level 5 in Ranged Weapons
  1688 | D:3      | Reached XP level 4. HP: 39/39 MP: 4/4
  1796 | D:3      | 1796 ||| INVOKING Spit Poison.
  1801 | D:3      | 1801 ||| INVOKING Spit Poison.
  1838 | D:3      | 1838 ||| INVOKING Spit Poison.
  1842 | D:3      | Reached skill level 3 in Fighting
  1842 | D:3      | 1842 ||| Stepping ~*~*~tactically~*~*~ (outnumbered).
  1847 | D:3      | 1847 ||| INVOKING Spit Poison.
  1849 | D:3      | Reached XP level 5. HP: 34/49 MP: 5/5
  1853 | D:3      | 1853 ||| INVOKING Spit Poison.
  2221 | D:3      | 2221 ||| UPGRADING to +1 barding.
  2226 | D:3      | 2226 ||| UPGRADING to +0 helmet.
  2231 | D:3      | 2231 ||| READING scroll labelled OCHYOR DOMUU.
  2232 | D:3      | 2232 ||| READING scroll labelled UMIN COROQ.
  2233 | D:3      | 2233 ||| READING scroll labelled EPAOSE CEUMOPI.
  2234 | D:3      | 2234 ||| READING 2 scrolls of identify.
  2234 | D:3      | 2234 ||| IDENTIFYING fuming white potion
  2235 | D:3      | 2235 ||| DROPPING potion of brilliance.
  2241 | D:4      | 2241 ||| INVOKING Spit Poison.
  2244 | D:4      | 2244 ||| STAIRDANCE
  2246 | D:3      | 2246 ||| INVOKING Spit Poison.
  2250 | D:3      | 2250 ||| INVOKING Spit Poison.
  2311 | D:4      | 2311 ||| INVOKING Spit Poison.
  2314 | D:4      | Reached skill level 1 in Armour
  2314 | D:4      | 2314 ||| INVOKING Spit Poison.
  2316 | D:4      | 2316 ||| STAIRDANCE
  2319 | D:3      | 2319 ||| INVOKING Spit Poison.
  2325 | D:3      | HP: 12/49 [poisoned by a gnoll sergeant]
  2462 | D:4      | 2462 ||| INVOKING Spit Poison.
  2466 | D:4      | 2466 ||| INVOKING Spit Poison.
  2469 | D:4      | 2469 ||| STAIRDANCE
  2494 | D:4      | 2494 ||| INVOKING Spit Poison.
  2497 | D:4      | Reached skill level 6 in Ranged Weapons
  2497 | D:4      | Reached XP level 6. HP: 56/56 MP: 6/6
  2544 | D:4      | 2544 ||| INVOKING Spit Poison.
  2551 | D:4      | Found a staircase to the Ecumenical Temple.
  2552 | D:4      | 2552 ||| PLANNING TEMPLE
  2552 | D:4      | 2552 ||| DROPPING +0 leather armour.
  2562 | Temple   | Entered the Ecumenical Temple
  2705 | Temple   | 2705 ||| PLANNING D:1-11
  2720 | D:4      | 2720 ||| INVOKING Spit Poison.
  2723 | D:4      | 2723 ||| Stepping ~*~*~tactically~*~*~ (outnumbered).
  2724 | D:4      | 2724 ||| Stepping ~*~*~tactically~*~*~ (outnumbered).
  2725 | D:4      | 2725 ||| INVOKING Spit Poison.
  2747 | D:4      | 2747 ||| READING scroll of brand weapon.
  2747 | D:4      | 2747 ||| BRANDING +0 shortbow of electrocution.
  2773 | D:4      | 2773 ||| INVOKING Spit Poison.
  2791 | D:4      | 2791 ||| INVOKING Spit Poison.
  2833 | D:4      | 2833 ||| INVOKING Spit Poison.
  2837 | D:4      | Reached XP level 7. HP: 58/63 MP: 7/7
  2858 | D:4      | 2858 ||| INVOKING Spit Poison.
  2865 | D:4      | 2865 ||| INVOKING Spit Poison.
  2868 | D:4      | Found a runed translucent gate.
  2868 | D:4      | Found a runed translucent gate.
  2873 | D:4      | Found a runed translucent gate.
  2876 | D:4      | Noticed qw's ghost (amateur NaHu)
  2877 | D:4      | Noticed Ijyb
  2878 | D:4      | 2878 ||| INVOKING Spit Poison.
  2880 | D:4      | Killed Ijyb
  2883 | D:4      | 2883 ||| INVOKING Spit Poison.
  3006 | D:4      | 3006 ||| INVOKING Spit Poison.
  3011 | D:4      | 3011 ||| INVOKING Spit Poison.
  3158 | D:5      | Entered Level 5 of the Dungeon
  3175 | D:5      | 3175 ||| INVOKING Spit Poison.
  3203 | D:5      | 3203 ||| INVOKING Spit Poison.
  3206 | D:5      | Reached skill level 7 in Ranged Weapons
  3319 | D:5      | 3319 ||| INVOKING Spit Poison.
  3322 | D:5      | 3322 ||| INVOKING Spit Poison.
  3334 | D:5      | Found a burning altar of Makhleb.
  3495 | D:5      | 3495 ||| INVOKING Spit Poison.
  3496 | D:5      | Reached XP level 8. HP: 73/73 MP: 8/8
  3555 | D:5      | 3555 ||| INVOKING Spit Poison.
  3659 | D:5      | 3659 ||| INVOKING Spit Poison.
  3662 | D:5      | Reached skill level 8 in Ranged Weapons
  3724 | D:5      | 3724 ||| INVOKING Spit Poison.
  3817 | D:5      | 3817 ||| INVOKING Spit Poison.
  3822 | D:5      | 3822 ||| INVOKING Spit Poison.
  3823 | D:5      | 3823 ||| Stepping ~*~*~tactically~*~*~ (outnumbered).
  3825 | D:5      | 3825 ||| DRINKING 2 potions of curing.
  3825 | D:5      | 3825 ||| (to cure confusion)
  3826 | D:5      | 3826 ||| INVOKING Spit Poison.
  3920 | D:5      | 3920 ||| UPGRADING to +6 ring of dexterity.
  3921 | D:5      | 3921 ||| READING scroll labelled GICUORCH WOUSA.
  3922 | D:5      | 3922 ||| DRINKING 2 black potions.
  3923 | D:5      | 3923 ||| DRINKING 2 murky green potions.
  3966 | D:5      | 3966 ||| DRINKING 2 grey potions.
  3967 | D:5      | 3967 ||| READING 2 scrolls of identify.
  3967 | D:5      | 3967 ||| IDENTIFYING sapphire potion
  3968 | D:5      | 3968 ||| DROPPING potion of enlightenment.
  3969 | D:5      | 3969 ||| DROPPING potion of lignification.
  3970 | D:5      | 3970 ||| DROPPING potion of ambrosia.
  4000 | D:6      | Noticed Edmund
  4001 | D:6      | 4001 ||| INVOKING Spit Poison.
  4006 | D:6      | 4006 ||| INVOKING Spit Poison.
  4008 | D:6      | Killed Edmund
  4009 | D:6      | Reached skill level 3 in Dodging
  4091 | D:6      | 4091 ||| INVOKING Spit Poison.
  4096 | D:6      | 4096 ||| INVOKING Spit Poison.
  4109 | D:6      | 4109 ||| INVOKING Spit Poison.
  4247 | D:6      | Found an ancient bone altar of Kikubaaqudgha.
  4266 | D:6      | 4266 ||| INVOKING Spit Poison.
  4267 | D:6      | Reached skill level 9 in Ranged Weapons
  4342 | D:6      | 4342 ||| INVOKING Spit Poison.
  4346 | D:6      | 4346 ||| INVOKING Spit Poison.
  4374 | D:6      | Found a runed translucent door.
  4375 | D:6      | Found a shimmering altar of Xom.
  4375 | D:6      | Noticed a +2 quarterstaff of chaos
  4375 | D:6      | Noticed qw's ghost (amateur MiHu)
  4448 | D:6      | 4448 ||| INVOKING Spit Poison.
  4452 | D:6      | Reached XP level 9. HP: 81/81 MP: 9/9
  4597 | D:6      | Found a sacrificial altar of Ru.
  4647 | D:6      | 4647 ||| INVOKING Spit Poison.
  4659 | D:6      | 4659 ||| READING scroll of enchant armour.
  4659 | D:6      | 4659 ||| ENCHANTING +0 helmet.
  4697 | D:6      | 4697 ||| INVOKING Spit Poison.
  4702 | D:6      | 4702 ||| INVOKING Spit Poison.
  4706 | D:6      | 4706 ||| INVOKING Spit Poison.
  4709 | D:6      | 4709 ||| INVOKING Spit Poison.
  5080 | D:6      | 5080 ||| DROPPING +1 ring mail of poison resistance.
  5081 | D:6      | 5081 ||| UPGRADING to amulet of faith.
  5086 | D:6      | 5086 ||| READING 2 scrolls of identify.
  5086 | D:6      | 5086 ||| IDENTIFYING sedimented grey potion
  5126 | D:7      | 5126 ||| INVOKING Spit Poison.
  5132 | D:7      | 5132 ||| INVOKING Spit Poison.
  5135 | D:7      | 5135 ||| STAIRDANCE
  5137 | D:6      | 5137 ||| INVOKING Spit Poison.
  5139 | D:6      | Reached skill level 6 in Fighting
  5142 | D:6      | 5142 ||| INVOKING Spit Poison.
  5228 | D:7      | 5228 ||| INVOKING Spit Poison.
  5275 | D:7      | 5275 ||| Stepping ~*~*~tactically~*~*~ (outnumbered).
  5277 | D:7      | 5277 ||| Stepping ~*~*~tactically~*~*~ (outnumbered).
  5279 | D:7      | 5279 ||| INVOKING Spit Poison.
  5283 | D:7      | 5283 ||| INVOKING Spit Poison.
  5288 | D:7      | 5288 ||| INVOKING Spit Poison.
  5294 | D:7      | Identified the +1 scale mail of Failure {Will+ Str+2}
  5328 | D:7      | 5328 ||| INVOKING Spit Poison.
  5333 | D:7      | 5333 ||| INVOKING Spit Poison.
  5337 | D:7      | 5337 ||| INVOKING Spit Poison.
  5349 | D:7      | Reached skill level 10 in Ranged Weapons
  5567 | D:7      | 5567 ||| INVOKING Spit Poison.
  5571 | D:7      | 5571 ||| INVOKING Spit Poison.
  5584 | D:7      | 5584 ||| INVOKING Spit Poison.
  5759 | D:7      | 5759 ||| INVOKING Spit Poison.
  5859 | D:7      | Found a runed translucent door.
  5860 | D:7      | Noticed Crazy Yiuf
  5917 | D:7      | 5917 ||| INVOKING Spit Poison.
  5924 | D:7      | 5924 ||| INVOKING Spit Poison.
  6736 | D:7      | 6736 ||| Stepping randomly (stuck).
  6781 | D:8      | 6781 ||| INVOKING Spit Poison.
  6784 | D:8      | 6784 ||| INVOKING Spit Poison.
  6789 | D:8      | 6789 ||| FLEEEEING.
  6790 | D:8      | 6790 ||| FLEEEEING.
  6791 | D:8      | 6791 ||| INVOKING Spit Poison.
  6796 | D:8      | 6796 ||| INVOKING Spit Poison.
  6800 | D:8      | 6800 ||| STAIRDANCE
  6936 | D:8      | Reached XP level 10. HP: 94/94 MP: 10/10
  6937 | D:8      | Noticed Maurice
  6940 | D:8      | 6940 ||| INVOKING Spit Poison.
  6943 | D:8      | Killed Maurice
  6944 | D:8      | Reached skill level 11 in Ranged Weapons
  6962 | D:8      | Found an iron altar of Okawaru.
  6963 | D:8      | 6963 ||| PLANNING OKAWARU WORSHIP
  7145 | D:8      | 7145 ||| INVOKING Spit Poison.
  7150 | D:8      | 7150 ||| INVOKING Spit Poison.
  7251 | D:8      | 7251 ||| UPGRADING to +0 cloak.
  7256 | D:8      | 7256 ||| UPGRADING to ring of protection from fire.
  7259 | D:8      | Found a broken altar of Ashenzari.
  7369 | D:8      | 7369 ||| INVOKING Spit Poison.
  7373 | D:8      | 7373 ||| INVOKING Spit Poison.
  7376 | D:8      | 7376 ||| INVOKING Spit Poison.
  7614 | D:8      | Became a worshipper of Warmaster Okawaru
  7615 | D:8      | 7615 ||| PLANNING D:1-11
  7654 | D:9      | 7654 ||| INVOKING Spit Poison.
  7656 | D:9      | 7656 ||| Stepping ~*~*~tactically~*~*~ (outnumbered).
  7660 | D:9      | 7660 ||| INVOKING Spit Poison.
  7661 | D:9      | 7661 ||| Stepping ~*~*~tactically~*~*~ (outnumbered).
  7666 | D:9      | 7666 ||| INVOKING Spit Poison.
  7671 | D:9      | 7671 ||| INVOKING Spit Poison.
  7748 | D:9      | Found a basalt altar of Yredelemnul.
  8010 | D:9      | 8010 ||| INVOKING Spit Poison.
  8016 | D:9      | 8016 ||| INVOKING Spit Poison.
  8018 | D:9      | Reached * piety under Okawaru
  8021 | D:9      | 8021 ||| INVOKING Spit Poison.
  8024 | D:9      | Reached skill level 1 in Invocations
  8025 | D:9      | 8025 ||| INVOKING Spit Poison.
  8031 | D:9      | 8031 ||| INVOKING Spit Poison.
  8063 | D:9      | Noticed a kobold demonologist
  8064 | D:9      | 8064 ||| INVOKING Spit Poison.
  8066 | D:9      | Killed a kobold demonologist
  8078 | D:9      | Found a radiant altar of Vehumet.
  8083 | D:9      | 8083 ||| INVOKING Spit Poison.
  8171 | D:9      | 8171 ||| INVOKING Spit Poison.
  8175 | D:9      | Reached ** piety under Okawaru
  8176 | D:9      | Reached skill level 3 in Invocations
  8191 | D:9      | 8191 ||| INVOKING Spit Poison.
  8194 | D:9      | 8194 ||| INVOKING Spit Poison.
  8200 | D:9      | 8200 ||| INVOKING Spit Poison.
  8236 | D:9      | Noticed a kobold demonologist
  8239 | D:9      | 8239 ||| INVOKING Spit Poison.
  8240 | D:9      | Noticed an orange demon
  8240 | D:9      | 8240 ||| Stepping ~*~*~tactically~*~*~ (outnumbered).
  8242 | D:9      | 8242 ||| Stepping ~*~*~tactically~*~*~ (outnumbered).
  8244 | D:9      | Killed a kobold demonologist
  8244 | D:9      | Reached *** piety under Okawaru
  8245 | D:9      | Reached XP level 11. HP: 103/103 MP: 14/14
  8245 | D:9      | 8245 ||| INVOKING Spit Poison.
  8249 | D:9      | 8249 ||| INVOKING Spit Poison.
  8251 | D:9      | Reached skill level 12 in Ranged Weapons
  8251 | D:9      | 8251 ||| Stepping ~*~*~tactically~*~*~ (outnumbered).
  8252 | D:9      | 8252 ||| INVOKING Spit Poison.
  8258 | D:9      | 8258 ||| INVOKING Spit Poison.
  8262 | D:9      | 8262 ||| INVOKING Spit Poison.
  8266 | D:9      | 8266 ||| INVOKING Spit Poison.
  8269 | D:9      | Reached skill level 3 in Armour
  8272 | D:9      | 8272 ||| INVOKING Spit Poison.
  8275 | D:9      | 8275 ||| INVOKING Spit Poison.
  8297 | D:9      | 8297 ||| INVOKING Spit Poison.
  8325 | D:9      | 8325 ||| Stepping ~*~*~tactically~*~*~ (outnumbered).
  8328 | D:9      | 8328 ||| INVOKING Spit Poison.
  8329 | D:9      | 8329 ||| Stepping ~*~*~tactically~*~*~ (outnumbered).
  8331 | D:9      | 8331 ||| INVOKING Spit Poison.
  8335 | D:9      | 8335 ||| INVOKING Spit Poison.
  8341 | D:9      | 8341 ||| INVOKING Spit Poison.
  8358 | D:9      | 8358 ||| INVOKING Spit Poison.
  8364 | D:9      | 8364 ||| INVOKING Spit Poison.
  8396 | D:9      | 8396 ||| INVOKING Spit Poison.
  8404 | D:9      | 8404 ||| INVOKING Spit Poison.
  8422 | D:9      | 8422 ||| UPGRADING to +1 orcbow of electrocution.
  8423 | D:9      | 8423 ||| DROPPING +0 heavy shortbow.
  8424 | D:9      | 8424 ||| READING scroll of brand weapon.
  8424 | D:9      | 8424 ||| BRANDING +1 orcbow of electrocution.
  8482 | D:9      | 8482 ||| INVOKING Spit Poison.
  8542 | D:9      | 8542 ||| INVOKING Spit Poison.
  8548 | D:9      | 8548 ||| INVOKING Spit Poison.
  8554 | D:9      | Found a blossoming altar of Fedhas.
  8556 | D:9      | 8556 ||| INVOKING Spit Poison.
  8559 | D:9      | 8559 ||| INVOKING Spit Poison.
  8561 | D:9      | Reached **** piety under Okawaru
  8579 | D:9      | Noticed an oklob plant
  8580 | D:9      | 8580 ||| INVOKING Heroism.
  8587 | D:9      | Killed an oklob plant
  8588 | D:9      | Reached skill level 6 in Dodging
  8717 | D:9      | Found a staircase to the Orcish Mines.
  8833 | D:10     | Entered Level 10 of the Dungeon
  8833 | D:10     | Found a flagged portal.
  8834 | D:10     | 8834 ||| INVOKING Spit Poison.
  8838 | D:10     | 8838 ||| STAIRDANCE
  8883 | D:10     | 8883 ||| INVOKING Spit Poison.
  8953 | D:10     | Found a shimmering altar of Xom.
  9003 | D:10     | 9003 ||| INVOKING Spit Poison.
  9011 | D:10     | 9011 ||| INVOKING Spit Poison.
  9231 | D:10     | 9231 ||| INVOKING Spit Poison.
  9238 | D:10     | 9238 ||| INVOKING Spit Poison.
  9281 | D:10     | 9281 ||| INVOKING Spit Poison.
  9391 | D:10     | 9391 ||| READING scroll labelled SUCOSUKOUT.
  9492 | D:10     | 9492 ||| READING scroll labelled LUPARA UCITINITZIN.
  9692 | D:11     | 9692 ||| INVOKING Spit Poison.
  9699 | D:11     | Found a staircase to the Lair.
  9700 | D:11     | 9700 ||| INVOKING Spit Poison.
  9704 | D:11     | 9704 ||| INVOKING Spit Poison.
  9710 | D:11     | 9710 ||| INVOKING Spit Poison.
  9715 | D:11     | Reached ***** piety under Okawaru
  9718 | D:11     | 9718 ||| INVOKING Spit Poison.
  9722 | D:11     | 9722 ||| DRINKING 2 potions of curing.
  9722 | D:11     | 9722 ||| (to cure confusion)
  9727 | D:11     | 9727 ||| INVOKING Spit Poison.
  9728 | D:11     | Noticed a cyclops
  9729 | D:11     | 9729 ||| INVOKING Heroism.
  9732 | D:11     | Killed a cyclops
  9733 | D:11     | Reached skill level 6 in Invocations
  9789 | D:11     | 9789 ||| INVOKING Heroism.
  9790 | D:11     | 9790 ||| INVOKING Spit Poison.
  9794 | D:11     | 9794 ||| INVOKING Spit Poison.
  9865 | D:11     | 9865 ||| INVOKING Heroism.
  9986 | D:11     | Noticed a two-headed ogre
  9987 | D:11     | 9987 ||| INVOKING Heroism.
  9988 | D:11     | 9988 ||| INVOKING Spit Poison.
  9994 | D:11     | 9994 ||| INVOKING Spit Poison.
  9996 | D:11     | Killed a two-headed ogre
 10048 | D:11     | 10048 ||| INVOKING Spit Poison.
 10051 | D:11     | 10051 ||| INVOKING Spit Poison.
 10051 | D:11     | Noticed a two-headed ogre
 10052 | D:11     | 10052 ||| INVOKING Heroism.
 10060 | D:11     | Killed a two-headed ogre
 10061 | D:11     | Reached skill level 13 in Ranged Weapons
 10061 | D:11     | Reached XP level 12. HP: 110/110 MP: 15/17
 10579 | D:11     | 10579 ||| INVOKING Heroism.
 10617 | D:11     | 10617 ||| PLANNING LAIR
 10617 | D:11     | 10617 ||| READING 4 scrolls labelled MEICENKIORGH.
 10618 | D:11     | 10618 ||| DROPPING 3 scrolls of noise.
 10652 | Lair:1   | Entered Level 1 of the Lair of Beasts
 10666 | Lair:1   | 10666 ||| INVOKING Heroism.
 10705 | Lair:1   | Reached skill level 9 in Fighting
 10812 | Lair:1   | Reached skill level 9 in Invocations
 10817 | Lair:1   | 10817 ||| INVOKING Heroism.
 10818 | Lair:1   | 10818 ||| INVOKING Finesse.
 10824 | Lair:1   | Identified the +6 great mace of Afenes {holy, Int+4}
                  | (Okawaru gifted it to you on level 1 of the Lair of Beasts)
 10824 | Lair:1   | Received a gift from Okawaru
 10865 | Lair:1   | Found a sacrificial altar of Ru.
 11207 | Lair:1   | Reached skill level 14 in Ranged Weapons
 11449 | Lair:1   | 11449 ||| INVOKING Heroism.
 11472 | Lair:1   | Identified the +1 leather armour "Cuonujik" {rPois Str+3}
 11631 | Lair:1   | 11631 ||| INVOKING Heroism.
 11635 | Lair:1   | Received a gift from Okawaru
 11652 | Lair:1   | Gained mutation: You can use your snake-like lower body to
                  | constrict enemies. [Naga growth]
 11652 | Lair:1   | Reached XP level 13. HP: 121/121 MP: 20/20
 11860 | Lair:1   | 11860 ||| DROPPING +0 swamp dragon scales.
 11861 | Lair:1   | 11861 ||| UPGRADING to +0 barding of flying.
 11909 | Lair:2   | 11909 ||| INVOKING Heroism.
 11934 | Lair:2   | 11934 ||| INVOKING Heroism.
 11989 | Lair:2   | 11989 ||| INVOKING Heroism.
 12306 | Lair:2   | Found a staircase to the Shoals.
 12376 | Lair:2   | Reached skill level 15 in Ranged Weapons
 12465 | Lair:2   | Noticed qw's ghost (journeyman GrHu)
 12513 | Lair:2   | Received a gift from Okawaru
 12532 | Lair:2   | You are sucked into a shaft and drop 1 floor!
 12544 | Lair:3   | 12544 ||| INVOKING Heroism.
 12570 | Lair:3   | 12570 ||| INVOKING Finesse.
 12685 | Lair:2   | Received a gift from Okawaru
 12855 | Lair:2   | Found a runed translucent gate.
 12855 | Lair:2   | Found a runed translucent gate.
 12855 | Lair:2   | Found a runed translucent gate.
 13168 | Lair:2   | 13168 ||| UPGRADING to scarf of resistance.
 13178 | Lair:2   | 13178 ||| DROPPING ring of resist corrosion.
 13179 | Lair:2   | 13179 ||| UPGRADING to +5 ring of evasion.
 13181 | Lair:2   | 13181 ||| READING 2 scrolls labelled NAT LEEWKETH.
 13182 | Lair:2   | 13182 ||| DROPPING scroll of blinking.
 13202 | Lair:3   | Found a runed translucent door.
 13346 | Lair:3   | Found a hole to the Spider Nest.
 13511 | Lair:3   | 13511 ||| INVOKING Heroism.
 13543 | Lair:3   | Noticed Rupert
 13544 | Lair:3   | 13544 ||| INVOKING Finesse.
 13552 | Lair:3   | Killed Rupert
 13654 | Lair:3   | 13654 ||| INVOKING Heroism.
 13900 | Lair:3   | 13900 ||| READING scroll labelled TICHYM DUDO.
 13901 | Lair:3   | 13901 ||| READING 11 scrolls of identify.
 13901 | Lair:3   | 13901 ||| IDENTIFYING metallic green potion
 13902 | Lair:3   | 13902 ||| DROPPING potion of attraction.
 13937 | Lair:4   | 13937 ||| INVOKING Heroism.
 13943 | Lair:4   | Reached skill level 16 in Ranged Weapons
 13943 | Lair:4   | Reached XP level 14. HP: 132/132 MP: 18/21
 14034 | Lair:4   | 14034 ||| INVOKING Heroism.
 14459 | Lair:4   | Found a viscous altar of Jiyva.
 14461 | Lair:4   | 14461 ||| INVOKING Heroism.
 14462 | Lair:4   | 14462 ||| INVOKING Finesse.
 14504 | Lair:4   | Found a staircase to the Slime Pits.
 14832 | Lair:4   | 14832 ||| READING 10 scrolls of identify.
 14832 | Lair:4   | 14832 ||| IDENTIFYING purple potion
 14861 | Lair:5   | Entered Level 5 of the Lair of Beasts
 14865 | Lair:5   | 14865 ||| INVOKING Heroism.
 14866 | Lair:5   | 14866 ||| INVOKING Finesse.
 14998 | Lair:5   | 14998 ||| INVOKING Heroism.
 15120 | Lair:5   | Reached skill level 9 in Dodging
 15127 | Lair:5   | 15127 ||| INVOKING Heroism.
 15128 | Lair:5   | 15128 ||| INVOKING Finesse.
 15210 | Lair:5   | 15210 ||| INVOKING Heroism.
 15273 | Lair:5   | 15273 ||| READING 9 scrolls of identify.
 15273 | Lair:5   | 15273 ||| IDENTIFYING pink potion
 15646 | Lair:4   | 15646 ||| Stepping randomly (stuck).
 15707 | Lair:5   | 15707 ||| INVOKING Heroism.
 15745 | Lair:5   | Reached skill level 12 in Fighting
 15848 | Lair:5   | Noticed Kirke
 15849 | Lair:5   | 15849 ||| INVOKING Heroism.
 15851 | Lair:5   | 15851 ||| INVOKING Finesse.
 15879 | Lair:5   | Killed Kirke
 16048 | Lair:5   | 16048 ||| INVOKING Heroism.
 16049 | Lair:5   | 16049 ||| INVOKING Finesse.
 16053 | Lair:5   | 16053 ||| Stepping ~*~*~tactically~*~*~ (outnumbered).
 16064 | Lair:5   | 16064 ||| Stepping ~*~*~tactically~*~*~ (cloud).
 16111 | Lair:5   | 16111 ||| INVOKING Heroism.
 16202 | Lair:5   | Received a gift from Okawaru
 16204 | Lair:5   | 16204 ||| DROPPING +0 arbalest.
 16205 | Lair:5   | 16205 ||| UPGRADING to +2 longbow of flaming.
 16206 | Lair:5   | 16206 ||| DROPPING +2 orcbow of draining.
 16209 | Lair:5   | 16209 ||| READING scroll labelled UCOCLUPL BANUS.
 16219 | Lair:4   | 16219 ||| INVOKING Heroism.
 16224 | Lair:4   | Reached XP level 15. HP: 146/146 MP: 19/22
 16483 | Lair:5   | Identified the staff of air "Tuick" {rElec rPois rCorr}
 16489 | Lair:5   | 16489 ||| PLANNING D
 16678 | D:12     | 16678 ||| INVOKING Heroism.
 16918 | D:12     | Reached ****** piety under Okawaru
 17132 | D:12     | 17132 ||| READING scroll of enchant armour.
 17132 | D:12     | 17132 ||| ENCHANTING +1 helmet.
 17192 | D:12     | Found a portal to a secret trove of treasure.
 17198 | D:12     | 17198 ||| READING 10 scrolls of identify.
 17198 | D:12     | 17198 ||| IDENTIFYING viscous black potion
 17218 | D:13     | Received a gift from Okawaru
 17220 | D:13     | 17220 ||| STAIRDANCE
 17282 | D:13     | 17282 ||| DROPPING +1 leather armour "Cuonujik" {rPois
                  | Str+3}.
 17283 | D:13     | 17283 ||| DROPPING ring of ice.
 17424 | D:13     | 17424 ||| INVOKING Heroism.
 17562 | D:13     | Reached skill level 17 in Ranged Weapons
 17686 | D:13     | 17686 ||| INVOKING Heroism.
 17704 | D:13     | 17704 ||| Stepping ~*~*~tactically~*~*~ (outnumbered).
 17709 | D:13     | 17709 ||| Stepping ~*~*~tactically~*~*~ (outnumbered).
 17728 | D:13     | 17728 ||| INVOKING Heroism.
 17753 | D:13     | 17753 ||| INVOKING Heroism.
 17772 | D:13     | Identified the +1 pair of gloves of Kuxzikeq {Dex+2}
                  | (Okawaru gifted it to you on level 13 of the Dungeon)
 17772 | D:13     | Received a gift from Okawaru
 18089 | D:13     | 18089 ||| Stepping ~*~*~tactically~*~*~ (outnumbered).
 18305 | D:13     | Found a gate to the Vaults.
 18322 | D:13     | 18322 ||| READING scroll of enchant armour.
 18322 | D:13     | 18322 ||| ENCHANTING +0 barding of flying.
 18371 | D:13     | 18371 ||| DROPPING +1 barding.
 18372 | D:13     | 18372 ||| UPGRADING to +1 pair of gloves of Kuxzikeq
                  | {Dex+2}.
 18399 | D:14     | 18399 ||| INVOKING Heroism.
 18404 | D:14     | 18404 ||| STAIRDANCE
 18486 | D:14     | 18486 ||| INVOKING Heroism.
 18491 | D:14     | HP: 8/146 [water nymph/the raging water (39)]
 18492 | D:14     | 18492 ||| READING 6 scrolls of teleportation.
 18492 | D:14     | HP: 3/146 [meliai/+0 hand axe (6)]
 18492 | D:14     | HP: 1/146 [tengu conjurer (2)]
 18493 | D:14     | 18493 ||| DRINKING 3 potions of heal wounds.
 18804 | D:14     | Found an iron altar of Okawaru.
 18832 | D:14     | Reached skill level 18 in Ranged Weapons
 18832 | D:14     | You are sucked into a shaft and drop 1 floor!
 18832 | D:15     | Entered Level 15 of the Dungeon
 18863 | D:15     | 18863 ||| INVOKING Heroism.
 19262 | D:14     | 19262 ||| INVOKING Heroism.
 19263 | D:14     | Identified the +9 plate armour of the Amoeba {Str+3}
                  | (Okawaru gifted it to you on level 14 of the Dungeon)
 19263 | D:14     | Received a gift from Okawaru
 19264 | D:14     | Reached XP level 16. HP: 154/154 MP: 20/23
 19296 | D:14     | 19296 ||| INVOKING Heroism.
 19311 | D:14     | Reached skill level 19 in Ranged Weapons
 19570 | D:14     | Identified the +12 orcbow of Sotyxamy {freeze, rC+ Str+2
                  | Dex+3}
 19572 | D:14     | 19572 ||| UPGRADING to +12 orcbow of Sotyxamy {freeze, rC+
                  | Str+2 Dex+3}.
 19573 | D:14     | 19573 ||| DROPPING +2 longbow of flaming.
 19934 | D:15     | 19934 ||| INVOKING Heroism.
 19972 | D:15     | Found a staircase to the Depths.
 19973 | D:15     | 19973 ||| Stepping ~*~*~tactically~*~*~ (outnumbered).
 20160 | D:15     | 20160 ||| PLANNING ORC
 20321 | Orc:1    | Entered Level 1 of the Orcish Mines
 20491 | Orc:1    | Found Uloshrurph's CLEARANCE SALE!.
 20602 | Orc:1    | 20602 ||| Stepping ~*~*~tactically~*~*~ (outnumbered).
 20730 | Orc:1    | Identified the +6 scimitar "Egg" {pain, Dex+3}
 20732 | Orc:1    | 20732 ||| INVOKING Heroism.
 20737 | Orc:1    | 20737 ||| INVOKING Finesse.
 20748 | Orc:1    | Received a gift from Okawaru
 21078 | Orc:1    | 21078 ||| DROPPING +2 pair of gloves of strength.
 21079 | Orc:1    | 21079 ||| DROPPING +1 barding of flying.
 21106 | Orc:2    | Entered Level 2 of the Orcish Mines
 21108 | Orc:2    | Found a staircase to the Elven Halls.
 21409 | Orc:2    | 21409 ||| INVOKING Heroism.
 21462 | Orc:2    | Found Qusot's Antique Armour Boutique.
 21462 | Orc:2    | Found Ruojeosh's Antique Armour Emporium.
 21468 | Orc:2    | 21468 ||| BUYING brightly glowing ring mail (288 gold).
 21468 | Orc:2    | Bought a brightly glowing ring mail for 288 gold pieces
 21468 | Orc:2    | Identified the +1 ring mail of Fenyera {rElec rN+ Str-3}
                  | (You bought it in a shop on level 2 of the Orcish Mines)
 21477 | Orc:2    | 21477 ||| BUYING +3 hat of Pondering {ponderous, Will+
                  | MP+10 Int+5} (914 gold).
 21477 | Orc:2    | Bought the +3 hat of Pondering {ponderous, Will+ MP+10
                  | Int+5} for 914 gold pieces
 21477 | Orc:2    | Found the +3 hat of Pondering {ponderous, Will+ MP+10
                  | Int+5}
 21477 | Orc:2    | 21477 ||| BUYING glowing leather armour (120 gold).
 21477 | Orc:2    | Bought a glowing leather armour for 120 gold pieces
 21504 | Orc:2    | 21504 ||| INVOKING Heroism.
 21532 | Orc:2    | 21532 ||| INVOKING Heroism.
 21594 | Orc:2    | 21594 ||| INVOKING Heroism.
 21595 | Orc:2    | 21595 ||| Stepping ~*~*~tactically~*~*~ (outnumbered).
 21668 | Orc:2    | 21668 ||| INVOKING Heroism.
 21681 | Orc:2    | Found Posypo's Armour Boutique.
 21681 | Orc:2    | Found Viozuabb's Book Emporium.
 21741 | Orc:2    | 21741 ||| INVOKING Heroism.
 21993 | Orc:2    | 21993 ||| PLANNING SHOALS:1-3
 21993 | Orc:2    | 21993 ||| DROPPING +1 leather armour of fire resistance.
 21994 | Orc:2    | 21994 ||| DROPPING +1 ring mail of Fenyera {rElec rN+
                  | Str-3}.
 21995 | Orc:2    | 21995 ||| DROPPING +3 leather armour of poison resistance.
 22177 | Shoals:1 | Entered Level 1 of the Shoals
 22177 | Shoals:1 | Noticed Josephine
 22178 | Shoals:1 | 22178 ||| INVOKING Heroism.
 22186 | Shoals:1 | Killed Josephine
 22207 | Shoals:1 | HP: 39/159 [drowned by a water elemental (5)]
 22209 | Shoals:1 | 22209 ||| DRINKING 3 potions of heal wounds.
 22213 | Shoals:1 | HP: 34/159 [drowned by a water elemental (6)]
 22214 | Shoals:1 | 22214 ||| DRINKING 2 potions of heal wounds.
 22219 | Shoals:1 | 22219 ||| STAIRDANCE
 22504 | Shoals:1 | 22504 ||| STAIRDANCE
 22509 | Lair:2   | 22509 ||| INVOKING Heroism.
 22750 | Shoals:1 | 22750 ||| STAIRDANCE
 22817 | Shoals:1 | 22817 ||| STAIRDANCE
 23073 | Shoals:1 | 23073 ||| INVOKING Heroism.
 23074 | Shoals:1 | 23074 ||| INVOKING Finesse.
 23090 | Shoals:1 | Reached skill level 12 in Dodging
 23335 | Shoals:1 | Identified the +2 rapier of Coqiczez {holy, rPois rN+
                  | Int+7}
 23341 | Shoals:1 | Reached XP level 17. HP: 166/166 MP: 24/24
 23349 | Shoals:1 | 23349 ||| INVOKING Heroism.
 23453 | Shoals:1 | Noticed a kraken
 23470 | Shoals:1 | Killed a kraken
 23471 | Shoals:1 | Reached skill level 6 in Armour
 23763 | Shoals:1 | 23763 ||| DROPPING amulet of guardian spirit.
 23928 | Shoals:2 | Noticed Polyphemus
 23929 | Shoals:2 | 23929 ||| INVOKING Heroism.
 23957 | Shoals:2 | 23957 ||| Stepping ~*~*~tactically~*~*~ (outnumbered).
 23961 | Shoals:2 | 23961 ||| Stepping ~*~*~tactically~*~*~ (outnumbered).
 23964 | Shoals:2 | Killed Polyphemus
 23966 | Shoals:2 | 23966 ||| Stepping ~*~*~tactically~*~*~ (outnumbered).
 24067 | Shoals:2 | 24067 ||| INVOKING Heroism.
 24102 | Shoals:2 | Reached skill level 15 in Fighting
 24195 | Shoals:2 | 24195 ||| INVOKING Heroism.
 24196 | Shoals:2 | 24196 ||| INVOKING Finesse.
 24614 | Shoals:2 | 24614 ||| INVOKING Heroism.
 24967 | Shoals:3 | 24967 ||| INVOKING Heroism.
 25266 | Shoals:3 | Noticed a kraken
 25266 | Shoals:3 | Noticed a kraken
 25274 | Shoals:3 | 25274 ||| INVOKING Heroism.
 25282 | Shoals:3 | Killed a kraken
 25285 | Shoals:3 | HP: 41/170 [snapping turtle (9)]
 25286 | Shoals:3 | 25286 ||| READING 5 scrolls of teleportation.
 25286 | Shoals:3 | HP: 13/170 [kraken (29)]
 25286 | Shoals:3 | HP: 4/170 [snapping turtle (6)]
 25287 | Shoals:3 | 25287 ||| DRINKING 2 potions of heal wounds.
 25288 | Shoals:3 | 25288 ||| DRINKING potion of heal wounds.
 25289 | Shoals:3 | HP: 1/170 [tentacle[a kraken] (7)]
 25289 | Shoals:3 | Annihilated by a kraken

Levels and vault maps discovered:
D:1:      dpeg_arrival_shelter, layout_loops_ring, serial_shops, shop
D:2:      layout_basic, serial_aquarium, aquarium_bridge_island_small
          [aquarium_subvault_small_open, aquarium_subvault_bridge,
          aquarium_subvault_wall, aquarium_subvault_bridge,
          aquarium_subvault_wall], aquarium_window_corner, aquarium_window_1,
          aquarium_view_2a, aquarium_balcony_3b
D:3:      layout_loops_ring, nicolae_dithmenos_through_a_glass_darkly
D:4:      layout_basic, minmay_temple_entry_overgrown,
          ebering_ghost_rock_garden, uniq_ijyb
D:5:      layout_loops_corners, mainiacjoe_overflow_cross_hatched
D:6:      nicolae_BIG_FREAKIN_CUBE, layout_basic, lemuel_coloured_pillars_altar,
          nicolae_ru_awakened_eye, ebering_ghost_xom,
          minmay_a_box_with_orc_wizards_in_it, uniq_edmund
D:7:      layout_loops_ring, item_on_display_a, uniq_crazy_yiuf_cottage
D:8:      gammafunk_indiana_jones, layout_rooms, mainiacjoe_overflow_catwalk,
          nicolae_ashenzari_skybound, uniq_maurice
D:9:      layout_roguey [special_room_kobold], kennysheep_mini_moat,
          old_standard_altar, tgw_fedhas, orc_0_dummy, minmay_crystal_room
D:10:     layout_roguey, lemuel_tele_altar, enter_bailey_2
D:11:     layout_loops_ring, erik_lair_orcish_takeover
D:12:     layout_basic, nicolae_trove_entry_crystal
D:13:     layout_roguey, hangedman_vaults_entry_quadrant_bands,
          nicolae_fountain_basement
D:14:     layout_basic, okawaru_gym_becter, nicolae_splish_splash
D:15:     grunt_enter_depths_magical_seal, layout_cave_pools,
          hellmonk_bongcloud_opening
Temple:   hellmonk_temple_flake
Lair:1:   layout_cave_pods, lemuel_oklob_altar, grunt_megastairs_3,
          lemuel_fruit_tree
Lair:2:   layout_regular_city, elwin_shoals_entry_rocks, gammafunk_ghost_split
Lair:3:   gammafunk_mikee_crab_dinner, layout_regular_city,
          spider_nest_entry_rubble, serial_bayou_ford_a, columned_hall_lemuel,
          grunt_megastairs_5, uniq_rupert
Lair:4:   layout_long_grid, minmay_slime_entry_oklob_enclosed,
          kennysheep_catoblepas_arena
Lair:5:   grunt_lair_end_beastmaster, layout_concentric_octagons, uniq_kirke
Shoals:1: layout_shoals, portal_ice_cave_entry_ice_statue_two,
          nicolae_shoals_land_atoll, uniq_josephine
Shoals:2: layout_shoals, uniq_polyphemus
Shoals:3: layout_shoals, nicolae_shoals_lost_giant_pillars,
          nicolae_shoals_siren_and_animal_friends
Orc:1:    giant_chief_lemuel, layout_caves, nicolae_shop_clearance
Orc:2:    st_orc_town, layout_diamond_mine

Skill      XL: |  1  2  3  4  5  6  7  8  9 10 11 12 13 14 15 16 17 |
---------------+----------------------------------------------------+-----
Ranged Weapons | 4 5 6 7 9 10 11 13 14 16 18 19 | 19.0
Fighting       | 3 4 5 7 8 9 10 12 14 15 | 15.2
Armour         | 1 2 3 4 5 6 |  6.0
Dodging        | 2 3 4 5 6 7 8 10 12 13 | 13.0
Invocations    | 4 7 10 | 10.0
Stealth        | |  1.5

Action                     |  1- 3 |  4- 6 |  7- 9 | 10-12 | 13-15 | 16-18 || total
---------------------------+-------+-------+-------+-------+-------+-------++-------
   Fire: Shortbow          |    70 |    52 |   163 |   134 |       |       ||   419
         Orcbow            |       |       |       |   349 |   615 |   662 ||  1626
         Longbow           |       |       |       |       |   264 |    53 ||   317
 Invoke: Heroism           |       |       |       |    11 |    27 |    19 ||    57
         Finesse           |       |       |       |     1 |     7 |     3 ||    11
Ability: Spit Poison       |    29 |    20 |    52 |    63 |       |       ||   164
    Use: Scroll            |     5 |     5 |     4 |     4 |    10 |     1 ||    29
         Potion            |     3 |       |     4 |     1 |     1 |     4 ||    13
 Armour: Leather armour    |     4 |       |       |       |       |       ||     4
         Robe              |     2 |    10 |    34 |    80 |   118 |    37 ||   281
  Dodge: Dodged            |     9 |    12 |    37 |   141 |   361 |   322 ||   882

Table legend:
 A = Non-vault XP
 B = Vault XP
 C = Vault XP percentage of total XP
 D = Non-vault monster count
 E = Vault monster count
 F = Vault count percentage of total count
                 A         B        C        D         E       F
            +---------+---------+-------+---------+---------+-------
      Total |  153646 |   66593 |  30.2 |     605 |     208 |  25.6
            +---------+---------+-------+---------+---------+-------
        D:1 |      49 |       0 |   0.0 |      30 |       0 |   0.0
        D:2 |      27 |       0 |   0.0 |      14 |       0 |   0.0
        D:3 |     205 |       0 |   0.0 |      15 |       0 |   0.0
        D:4 |     517 |      36 |   6.5 |      24 |       1 |   4.0
        D:5 |     843 |       0 |   0.0 |      16 |       0 |   0.0
        D:6 |     700 |     370 |  34.6 |      15 |       7 |  31.8
        D:7 |    1653 |       0 |   0.0 |      30 |       0 |   0.0
        D:8 |     778 |     480 |  38.2 |      12 |       1 |   7.7
        D:9 |    3595 |    2799 |  43.8 |      30 |      25 |  45.5
       D:10 |    1380 |       0 |   0.0 |      13 |       0 |   0.0
       D:11 |    6010 |     657 |   9.9 |      19 |       9 |  32.1
       D:12 |    7699 |     519 |   6.3 |      17 |       1 |   5.6
       D:13 |    6895 |    9786 |  58.7 |      13 |      20 |  60.6
       D:14 |    9788 |    1755 |  15.2 |      24 |       3 |  11.1
       D:15 |   14773 |    4711 |  24.2 |      28 |      10 |  26.3
     Lair:1 |   11209 |    1028 |   8.4 |      50 |       3 |   5.7
     Lair:2 |   14312 |       0 |   0.0 |      43 |       0 |   0.0
     Lair:3 |    5455 |    3424 |  38.6 |      20 |       9 |  31.0
     Lair:4 |    5135 |    2660 |  34.1 |      14 |       5 |  26.3
     Lair:5 |   16658 |    9801 |  37.0 |      39 |      22 |  36.1
   Shoals:1 |   13541 |    2713 |  16.7 |      27 |       7 |  20.6
   Shoals:2 |   18999 |    4848 |  20.3 |      39 |       5 |  11.4
   Shoals:3 |    7805 |    2338 |  23.1 |      17 |       2 |  10.5
      Orc:1 |    2273 |   11173 |  83.1 |      25 |      26 |  51.0
      Orc:2 |    3347 |    7495 |  69.1 |      31 |      52 |  62.7
            +---------+---------+-------+---------+---------+-------
